Cogmind - Beta 13 @@@ ROGUE MODE // 2024.06.09 @ 18:36:36 Player: Lunace Result: Destroyed by NH-NLB(R) with Subdweller Machine Gun Performance ------------- Evolutions (0) 0 Regions Visited (3) 600 Robots Destroyed (18) 90 Value Destroyed (424) 424 Prototype IDs (10) 200 Alien Tech Used (0) 0 Bonus (70) 70 TOTAL SCORE: 1384 Bonus ------- Follower Combat Kills 70 Cogmind --------- Core Integrity 0/250 Matter 300/300 Energy 200/200 System Corruption 0% Temperature Cool (0) Movement Walking (130) Location -10/Subcaves Parts ------- > --- POWER (1) -------- Subdweller Power Source > --- PROPULSION (2) --- Cargo Legs > --- UTILITY (2) ------ Medium Storage Unit Makeshift Light Armor Plating > --- WEAPON (2) ------- (None) > --- INVENTORY (10) --- Small Storage Unit Seismic Detector Light Armor Plating Peak State ------------ > --- POWER ------------ Ion Engine > --- PROPULSION ------- Cargo Legs > --- UTILITY ---------- Medium Storage Unit Makeshift Light Armor Plating Scrap Shield > --- WEAPON ----------- Flamer > --- INVENTORY -------- Small Storage Unit Seismic Detector Light Armor Plating Shrapnel Trap [Rating: 28] Favorites ----------- Power Ion Engine Engine Ion Engine Propulsion Light Treads Treads Light Treads Leg Cargo Legs Utility Medium Storage Unit Device Seismic Detector Storage Medium Storage Unit Protection Makeshift Light Armor Plating Weapon Medium Laser Energy Gun Medium Laser Launcher Grenade Launcher Special Weapon Flamer Build | -11 -10 -10 -10 ------- Run | Yrd Mat Min Sub Slots Evolved . | . . . . Power . | . . . . Propulsion . | . . . . Utility . | . . . . Weapon . | . . . . Parts Attached 19 | 7 4 . 8 Power 3 | 1 . . 2 Engine 3 | 1 . . 2 Core . | . . . . Reactor . | . . . . Propulsion 6 | 2 2 . 2 Treads 5 | 2 2 . 1 Leg 1 | . . . 1 Wheel . | . . . . Hover . | . . . . Flight . | . . . . Utility 5 | 2 1 . 2 Device 1 | 1 . . . Storage 2 | 1 1 . . Processor . | . . . . Hackware . | . . . . Protection 2 | . . . 2 Artifact . | . . . . Weapon 5 | 2 1 . 2 Energy Gun 2 | 2 . . . Energy Cannon . | . . . . Ballistic Gun . | . . . . Ballistic Cannon . | . . . . Launcher 1 | . 1 . . Special Weapon 2 | . . . 2 Impact Weapon . | . . . . Slashing Weapon . | . . . . Piercing Weapon . | . . . . Special Melee Weapon . | . . . . Unidentified Prototypes . | . . . . Parts Lost 6 | . . . 6 Power 2 | . . . 2 Propulsion . | . . . . Utility 1 | . . . 1 Weapon 3 | . . . 3 Highest Loss Streak 3 | . . . 3 To Critical Strikes . | . . . . Average Slot Usage (%) 85 | . 100 100 77 Engine 11 | . 14 14 10 Treads 17 | . 28 28 12 Leg 4 | . . . 6 Device 7 | . 14 14 4 Storage 12 | . 14 14 12 Protection 7 | . . . 11 Energy Gun 9 | . 22 14 4 Launcher 8 | . 5 14 7 Special Weapon 4 | . . . 7 Naked Turns . | . . . . Heaviest Build 39 | 15 21 21 39 Greatest Support 55 | 40 40 40 55 Greatest Overweight (x) . | . . . . Average Overweight (x) . | . . . . Largest Inventory Capacity 10 | 8 10 10 10 Average Capacity 9 | 7 8 10 10 Most Carried 9 | 1 7 7 9 Average Carried 5 | . 3 7 6 Final Capacity 10 | 8 10 10 10 Final Carried 7 | 1 7 7 3 Class Distribution -------------------- 51% | Mutant 48% | Commander-Mutant Dominant Class ---------------- Mutant | -10/Materials Commander-Mutant | -10/Mines Commander-Mutant | -10/Subcaves Resources | -11 -10 -10 -10 ----------- Run | Yrd Mat Min Sub Matter Collected 575 | 270 . . 305 Remotely . | . . . . Salvage Created 404 | 119 167 28 90 Parts 27 | 8 4 9 6 Haulers Intercepted . | . . . . Recyclers Shooed 2 | 1 1 . . Parts Field Recycled . | . . . . Retrieved Matter . | . . . . Parts Self-Destructed 22 | . . . 22 Prevented . | . . . . Kills | -11 -10 -10 -10 ------- Run | Yrd Mat Min Sub Combat Hostiles Destroyed 13 | . 4 3 6 Guns 2 | . 2 . . Cannons 2 | . . . 2 AOE 9 | . 2 3 4 Classes Destroyed 6 | 2 2 1 1 Worker 1 | . 1 . . Tunneler 3 | 2 . 1 . Recycler 1 | 1 . . . Swarmer 6 | . . 3 3 Grunt 5 | . 4 . 1 Subdweller 2 | . . . 2 Best Kill Streak 3 | 1 3 3 2 Combat Bots Only 3 | . 2 3 2 Max Kills in Single Turn 2 | 1 1 2 1 Gunslinging . | . . . . Exploded 2 | . 1 2 1 Melee . | . . . . Uniques/NPCs Destroyed . | . . . . Combat | -11 -10 -10 -10 -------- Run | Yrd Mat Min Sub Hostile Shots Fired 118 | . 29 . 89 Missed 40 | . 8 . 32 Damage Taken 1352 | . 272 . 1080 Core 255 | . 97 . 158 Absorbed by Shields . | . . . . Core Remaining (%) 100 | 100 . . . Volleys Fired 65 | 5 22 6 32 Largest 2 | 2 2 1 2 Hottest 100 | 90 90 30 100 Shots Fired 89 | 10 39 6 34 Gun 47 | 10 35 . 2 Cannon . | . . . . Launcher 21 | . 4 6 11 Special 21 | . . . 21 Kinetic . | . . . . Thermal 48 | 5 20 . 23 Explosive 21 | . 4 6 11 Electromagnetic 20 | 5 15 . . Robot Hit Streak 10 | 2 5 2 10 Robot Miss Streak 3 | 1 3 . 1 Penetration Max . | . . . . Secondary Targets 1 | . 1 . . Max Gunslinging Chain 1 | . 1 . . Shots Hit Robots 46 | 5 19 1 21 Core Hits 33 | 3 11 5 14 Critical Kills . | . . . . Critical Parts Destroyed . | . . . . Critical Strikes 3 | . 2 . 1 Burn 2 | . 1 . 1 Corrupt 1 | . 1 . . Melee Attacks . | . . . . Impact . | . . . . Slashing . | . . . . Piercing . | . . . . Sneak Attacks . | . . . . Combat Hostiles . | . . . . Follow-up Attacks . | . . . . Damage Inflicted 1384 | 72 527 155 630 Guns 337 | 72 240 . 25 Cannons . | . . . . Explosions 827 | . 287 155 385 Melee . | . . . . Ramming 34 | . . . 34 Kinetic . | . . . . Thermal 360 | 12 137 . 211 Explosive 788 | . 248 155 385 Electromagnetic 202 | 60 142 . . Impact . | . . . . Slashing . | . . . . Piercing . | . . . . Highest Corruption . | . . . . Average Corruption . | . . . . Corruption Purged . | . . . . Corruption Blocked . | . . . . Overload Shots . | . . . . Overflow Damage 13 | . 3 . 10 Projectiles . | . . . . Explosions 13 | . 3 . 10 Melee . | . . . . Knockbacks 3 | . . . 3 Impact 3 | . . . 3 Kinetic . | . . . . Secondary . | . . . . Self-Inflicted Damage . | . . . . Shots . | . . . . Rammed . | . . . . Targets Rammed 11 | . . . 11 Kicked 11 | . . . 11 Crushed . | . . . . Highest Temperature 291 | 60 291 . 10 Average Temperature 100 | 23 133 . 6 Received Heat Transfer 210 | . 150 . 60 Effects 1 | . 1 . . Energy Bleed 1 | . 1 . . Siege Activations . | . . . . Robots Corrupted . | . . . . Combat Hostiles . | . . . . Parts Fried . | . . . . Impact Corruptions . | . . . . Robots Melted . | . . . . Combat Hostiles . | . . . . Parts Melted 1 | . . . 1 Heat Transferred 2051 | 37 420 . 1594 Parts Sabotaged . | . . . . Parts Stolen . | . . . . Parts Stripped . | . . . . Power Chain Reactions 1 | . 1 . . Alert | -11 -10 -10 -10 ------- Run | Yrd Mat Min Sub Peak Influence 197 | 15 168 197 . Initial 9 | . 9 . . Average 75 | 6 60 141 . Maximum Alert Level . | . . . . Low Security (%) 100 | 100 100 100 . Level 1 . | . . . . Level 2 . | . . . . Level 3 . | . . . . Level 4 . | . . . . Level 5 . | . . . . High Security . | . . . . Max Security . | . . . . Squads Dispatched . | . . . . Investigation . | . . . . Extermination . | . . . . Reinforcement . | . . . . Assault . | . . . . Garrison . | . . . . Intercept . | . . . . Searches Triggered . | . . . . Construction Impeded . | . . . . Haulers Reinforced . | . . . . Active Scanning Responses . | . . . . Cargo Convoy Interrupts . | . . . . Stealth | -11 -10 -10 -10 --------- Run | Yrd Mat Min Sub Distress Signals 1 | . . 1 . Communications Jammed . | . . . . Distress Signals . | . . . . Times Spotted 32 | . 8 2 22 Peak Tracking Total 3 | . 2 2 3 Tactical Retreats 5 | . 1 . 4 Traps | -11 -10 -10 -10 ------- Run | Yrd Mat Min Sub Traps Triggered . | . . . . Indirectly . | . . . . Trap Hack Attempts . | . . . . Triggered . | . . . . Disarmed . | . . . . Reprogrammed . | . . . . Reused 1 | . . . 1 Traps Extracted . | . . . . Installed 1 | . . . 1 Triggered . | . . . . Most Traps Carried 1 | . . . 1 Machines | -11 -10 -10 -10 ---------- Run | Yrd Mat Min Sub Machines Disabled 8 | . . 6 2 Max in Single Turn 4 | . . 4 1 Machines Repaired . | . . . . Machines Dismantled . | . . . . Machines Sabotaged . | . . . . Overloaded Fab Kills . | . . . . Hacking | -11 -10 -10 -10 --------- Run | Yrd Mat Min Sub Machines Accessed 7 | . 5 1 1 Terminals 6 | . 5 1 . Fabricators . | . . . . Repair Stations . | . . . . Recycling Units . | . . . . Scanalyzers . | . . . . Garrison Access . | . . . . Total Hacks 19 | . 11 6 2 Successful 10 | . 5 3 2 Failed 9 | . 6 3 . Catastrophic 1 | . . 1 . Database Lockouts . | . . . . Manual 15 | . 11 4 . Terminals 17 | . 11 6 . Fabricators . | . . . . Repair Stations . | . . . . Recycling Units . | . . . . Scanalyzers . | . . . . Garrison Access . | . . . . Terminal Hacks 5 | . . 3 2 Record 2 | . . 1 1 Branch Access Points 1 | . . 1 . Zone Layout 1 | . . 1 . Derelict Proto ID Bank 1 | . . . 1 Fabricator Hacks . | . . . . Repair Station Hacks . | . . . . Recycling Unit Hacks . | . . . . Scanalyzer . | . . . . Garrison Access Hacks . | . . . . Unauthorized Hacks 5 | . 5 . . Terminals 5 | . 5 . . Assimilate 1 | . 1 . . Botnet 3 | . 3 . . Operators 1 | . 1 . . Fabricators . | . . . . Repair Stations . | . . . . Recycling Units . | . . . . Scanalyzers . | . . . . Garrison Access . | . . . . Data Cores Recovered . | . . . . Used . | . . . . Hacking Detections 6 | . 5 1 . Full Trace Events . | . . . . Feedback Events . | . . . . Feedback Blocked . | . . . . Robot Schematics Acquired . | . . . . Robots Built . | . . . . Authchips . | . . . . Time . | . . . . Total Robot Build Rating . | . . . . Part Schematics Acquired . | . . . . Parts Built . | . . . . Authchips . | . . . . Time . | . . . . Total Part Build Rating . | . . . . Parts Repaired . | . . . . Time . | . . . . Parts Recycled . | . . . . Recycled Matter . | . . . . Retrieved Matter . | . . . . Retrieved Components . | . . . . Parts Scanalyzed . | . . . . Part Schematics Acquired . | . . . . Parts Damaged . | . . . . Bothacking | -11 -10 -10 -10 ------------ Run | Yrd Mat Min Sub Used RIF Installer . | . . . . Robots Hacked . | . . . . Non-combat . | . . . . Combat . | . . . . Robot Hacks Applied . | . . . . Relay Couplers Released . | . . . . Fabnet Peak Effective % . | . . . . Robots Rewired 1 | . . . 1 Allies Hacked . | . . . . Hacks Repelled . | . . . . Allies | -11 -10 -10 -10 -------- Run | Yrd Mat Min Sub Total Allies 5 | . 1 3 1 Largest Group 4 | . 1 4 4 Highest-Rated Group 50 | . 10 50 50 Highest-Rated Ally 19 | . 10 16 19 Total Orders 2 | . . . 2 STAY 1 | . . . 1 FOLLOW 1 | . . . 1 Ally Attacks 31 | . . . 31 Total Damage 302 | . . . 302 Kills 3 | . . . 3 Allies Corrupted . | . . . . Allies Melted . | . . . . Intel | -11 -10 -10 -10 ------- Run | Yrd Mat Min Sub Robot Analysis Total . | . . . . Derelict Logs Recovered 1 | . . . 1 Drone Launches . | . . . . Drone Recoveries . | . . . . Exploration | -11 -10 -10 -10 ------------- Run | Yrd Mat Min Sub Turns Passed 2210 | 127 459 233 1391 Spaces Moved 1289 | 65 235 129 860 Core 2 | 2 . . . Treads 785 | 63 235 129 358 Legs 502 | . . . 502 Wheels . | . . . . Hover . | . . . . Flight . | . . . . Fastest Speed 50 | 50 160 160 130 Average Speed 148 | 156 160 160 142 Slowest Speed 160 | 160 160 160 160 Overloaded Moves . | . . . . Propulsion Burnouts . | . . . . Robots Hopped . | . . . . Cave-ins Triggered . | . . . . Exploration Rate (%) 38 | 3 59 34 56 Regions Visited 3 Branch Regions 2 Pre-discovered Areas . | . . . . Known Exits Taken . | . . . . Unknown Exits Taken 3 | 1 1 1 . Scrap Searched 5 | . . . 5 Spaces Dug . | . . . . Terrain Destroyed 70 | . 8 22 40 Melee . | . . . . Projectile . | . . . . AOE 70 | . 8 22 40 Terrain Rammed . | . . . . Walls Destroyed . | . . . . Machines Disabled . | . . . . Actions | -11 -10 -10 -10 --------- Run | Yrd Mat Min Sub Total 1473 | 77 277 150 969 Wait 64 | . 14 16 34 Move 1286 | 64 234 128 860 Hop . | . . . . Pick Up 7 | 1 3 . 3 Fast Attach 12 | 7 . . 5 Attach 2 | . . . 2 Detach . | . . . . Swap 5 | . 4 . 1 Drop 9 | . . . 9 Fire 65 | 5 22 6 32 Melee . | . . . . Ram . | . . . . Kick 11 | . . . 11 Crush . | . . . . Escape Stasis . | . . . . Rewire 6 | . . . 6 Trap 1 | . . . 1 Miscellaneous 5 | . . . 5 Route ------- -11/Scrapyard -10/Materials (discovered 2 exits: [*Mat] / *Min) -10/Mines (discovered 2 exits: [*Mat] / *Sub) -10/Subcaves (discovered 1 exit: [*Rec]) History --------- Turn | Location | Event 18 | -11/Scrapyard | Discovered new exit (range 16) 128 | -11/Scrapyard | Entered Materials 301 | -10/Materials | Build established: Mutant 455 | -10/Materials | Discovered new exit (range 16) 539 | -10/Materials | Discovered new exit (range 14) 587 | -10/Materials | Entered Mines 587 | -10/Mines | Accompanied by 1 ally 592 | -10/Mines | Assisted by bots powering up and referring to "LRC-V3" 610 | -10/Mines | Discovered new exit (range 6) 809 | -10/Mines | Discovered new exit (range 8) 820 | -10/Mines | Entered Subcaves 820 | -10/Subcaves | Accompanied by 4 allies 888 | -10/Subcaves | Build established: Commander-Mutant 1318 | -10/Subcaves | Visited 4L-MR0's lab 1433 | -10/Subcaves | Found Cargo Legs 1434 | -10/Subcaves | Attached Cargo Legs, gained temporary slots: Utility x2 1655 | -10/Subcaves | Disturbed a concealed Subdweller 1693 | -10/Subcaves | Lost 3 parts (1p2w) 1693 | -10/Subcaves | Lost 3 allies 1769 | -10/Subcaves | Discovered new exit (range 11) 1792 | -10/Subcaves | Core integrity fell below 50% 1939 | -10/Subcaves | Build established: Mutant 2091 | -10/Subcaves | Learned 2 Materials zone layouts 2167 | -10/Subcaves | Core integrity fell below 20% 2177 | -10/Subcaves | Shifting Twisted Machinery released Sub. Power Source 2211 | -10/Subcaves | Destroyed by NH-NLB(R) with Subdweller Machine Gun Last Messages --------------- Sub. Power Source falls loose from the Twisted Machinery. 02178_ Ion Engine destroyed. 02183_ Scrap Shield Fragment affixed to Scrap Shield (+46). 02186_ Scrap Shield Fragment affixed to Scrap Shield (+48). 02191_ Acquired Sub. Power Source. 02197_ Kicked NH-NLB(R) out of the way. 02200_ Kicked NH-NLB(R). 02201_ Kicked NH-NLB(R) out of the way. 02203_ Kicked NH-NLB(R). 02203_ NH-NLB(R) knocked back. 02203_ Scrap Shield destroyed. 02204_ Temporary Utility slot lost. 02204_ Kicked NH-NLB(R). 02208_ Kicked NH-NLB(R) out of the way. 02209_ NH-NLB(R) knocked back. 02210_ Kicked NH-NLB(R). 02210_ NH-NLB(R) knocked back. Map ----- +----------------------------------------------------+ | ? ##???????????????????????????????????????????? | | ?####????????????????????????????????????????????? | | ?????????????????????????????????????????????????? | | ?????????????????????????????????????????????????? | | ?????????????????????????????????????????????????? | | ?????????????????????????????????????????????????? | | ?????????????????????????????????????????????????? | | ?????????????????????????????????????????????????? | | ????????????????????????????????????????????????## | | ????????????????????????????????????????????##### | | ?????????????????????????????????????????#### | | ???????????????????????????????## ??????## | | ???????????????????????????????# ????## | | ????????????????????????????### ??## | | ???????????????????????????# #?# ## | | ??????????????????????????? ## ## | | ???????????????????????????# ## | | ??????????????????????????## | | ??????????????????????????# ? | | ????????????????####??##### #????# | | ????????????#???? ### ## ##??### | | ???????????## "??? # ### ## | | ???????????# "????? #?# | | ???????????## "#?????# #?# ### | | ???????????# ""#######% #### ## ### | | ??????"##### " ## %%@R #?# ##### ##?### | | ?????" " "% % #?# ## # ##???? | | ?????? "" " % ;;##### #???? | | ???????#" ## " #### ;; ; ## ##???? | | ???????#???## "" ##??## ! # # # #???? | | ????????????#""" ## ## #######???? | | ????????????#""" ## ; #?????????? | | ????????????######## ;;;;;### #####?????? | | ???????????????????## ##### #?### " ##????? | | ????????????????????#######????##???##" #????? | | ??????????????????????????????????????#" #????? | | ??????????????????????????????????????#" #????? | | ??????????????????????????????????????# " "????? | | ??????????????????????????????????????######"????? | | ?????????????????????????????????????????????????? | | ?????????????????????????????????????????????????? | | ?????????????????????????????????????????????????? | | ?????????????????????????????????????????????????? | | ?????????????????????????????????????????????????? | | ?????????????????????????????????????????????????? | | ?????????????????????????????????????????????????? | | ?????????????????????????????????????????????????? | | ?????????????????????????????????????????????????? | | ?????????????????????????????????????????????????? | | | +----------------------------------------------------+ Best States ------------- Heat Dissipation 25 Energy Generation 15 Energy Capacity 250 Matter Stores 300 Matter Capacity 300 Sight Range 16 Terrain Scan Density 10 Armor Coverage 900 Evasion (%) 55 Recoil Reduction 2 Item Schematics ----------------- None Robot Schematics ------------------ None Fabricated ------------ Nothing Alien Tech Used ----------------- None Achievements -------------- None Challenges ------------ None Game ------ Seed HybridLightpackThermoblaster Manual? 0 Play Time 00:14:26 Cumulative 234.6 hours Start 2024.06.09 @ 18:23:44 End 2024.06.09 @ 18:36:36 Sessions 1 Manual Loads 0 Difficulty Rogue Special Mode None Game No. 231 Rogue 226 Adventurer 5 Explorer 0 Win Type - Total 4 Types 3/0/0/1/0/0/0/0/0 Lore% 61 Gallery% 80 Achievement% 61 Wizard Run 0 Options --------- Layout 2 ASCII 0 Keyboard 0 Movement Mouse Keybinds 0 Fullscreen 1 Font 24/Terminus Map View 50x44 Zoom Use 0% Tactical HUD 1 Map Filters NONE Filters NONE Steam 1 RUN: 440c6b9c-c1e3-496c-8202-ab77ae9ec75a